[Event "Team 45 45 League T44"]
[Site "Internet Chess Club"]
[Date "2010.03.15"]
[Round "6"]
[White "frothyjowels"]
[Black "Checkmates"]
[Result "1-0"]
[WhiteElo "2385"]
[BlackElo "2352"]
[Opening "Sicilian: Taimanov (Bastrikov) variation"]
[ECO "B47"]
[Time "12:06:37"]
[TimeControl "2700+45"]

1. e4 c5 2. Nf3 e6 3. d4 cxd4 4. Nxd4 Nc6 5. Nc3 Qc7 6. Ndb5 Qb8 7. Be3 a6 8.
Bb6 axb5 9. Nxb5 Bb4+ 10. c3 Ba5 11. Nc7+ Qxc7 12. Bxc7 Bxc7 13. Qg4 Be5 14. f4
Nf6 15. Qf3 Bc7 16. e5 Nd5 17. Bc4 Nce7 18. O-O-O Ra4 19. Rd4 Nc6 20. Rxd5 exd5
21. Qxd5 O-O 22. b4 Ra8 23. g4 d6 24. exd6 Be6 25. Qe4 Bxc4 26. dxc7 Bxa2 27. b5
Na5 28. Qb4 b6 29. Re1 Nb3+ 30. Kc2 Nc5 31. Qd4 Be6 32. f5 Ra2+ 33. Kb1 Ra1+ 34.
Kxa1 Nb3+ 35. Kb2 Nxd4 36. cxd4 Bd5 37. Re5 Bc4 38. Kc3 f6 39. Re7 Bd5 40. Rd7
Bb7 41. d5 Rc8 42. d6 Kf8 43. h4 h6 44. h5 Kg8 45. Kd4 Kf8 46. Rxg7 Kxg7 47. d7
Rxc7 48. d8=Q Rf7 49. Qxb6 Bf3 50. Qd6 Bb7 51. Kc5 Bf3 52. b6 Bb7 53. Qe6 Kf8
54. Kd6 Bh1 55. Qc8+ Kg7 56. Ke6 Rb7 57. Qc7+ Kf8 58. Kxf6 Rxc7 59. bxc7 Bb7 60.
Kg6 Ke7 61. Kxh6 Kd7 62. Kg7 Bf3 63. h6 Bxg4 64. f6 {Black resigns} 1-0

[Event "Team 45 45 League T44"]
[Site "Internet Chess Club"]
[Date "2010.03.12"]
[Round "6"]
[White "sandham"]
[Black "eurander"]
[Result "1/2-1/2"]
[WhiteElo "2103"]
[BlackElo "2206"]
[Opening "Caro-Kann: classical, Spassky variation"]
[ECO "B19"]
[Time "02:03:20"]
[TimeControl "2700+45"]

1. e4 c6 2. d4 d5 3. Nc3 dxe4 4. Nxe4 Bf5 5. Ng3 Bg6 6. h4 h6 7. Nf3 Nd7 8. h5
Bh7 9. Bd3 Bxd3 10. Qxd3 e6 11. Bd2 Ngf6 12. O-O-O Be7 13. Ne4 O-O 14. Nxf6+
Nxf6 15. Ne5 c5 16. dxc5 Qc7 17. Bf4 Qxc5 18. Qe2 Rfd8 19. Kb1 Rac8 20. c3 Rd5
21. g4 Rcd8 22. f3 Bd6 23. Rhe1 Bc7 24. Rxd5 Rxd5 25. Nd3 Qc4 26. Bxc7 Qxc7 27.
Ne5 Nd7 28. f4 Nxe5 29. fxe5 Qd8 30. Kc2 Qg5 31. b3 Qf4 32. a4 a6 33. c4 Rd4 34.
Rd1 Rxd1 35. Kxd1 Qd4+ 36. Kc2 a5 37. Qe1 b6 38. Qd2 Qe4+ 39. Qd3 Qg2+ 40. Qd2
Qe4+ 41. Qd3 Qg2+ 42. Qd2 {Game drawn by mutual agreement} 1/2-1/2

[Event "Team 45 45 League T44"]
[Site "Internet Chess Club"]
[Date "2010.03.14"]
[Round "6"]
[White "Freitac"]
[Black "Campagnolo"]
[Result "1/2-1/2"]
[WhiteElo "2013"]
[BlackElo "2050"]
[Opening "King's Indian: Sämisch, 5...O-O"]
[ECO "E81"]
[Time "18:00:55"]
[TimeControl "2700+45"]

1. d4 Nf6 2. c4 g6 3. Nc3 Bg7 4. e4 d6 5. f3 O-O 6. Be3 c5 7. d5 e6 8. Qd2 exd5
9. cxd5 a6 10. a4 Re8 11. Bd3 Nbd7 12. Nge2 Ne5 13. Ng3 Qb6 14. O-O Nxd3 15.
Qxd3 Nd7 16. Rab1 Qb3 17. Nge2 Ne5 18. Qd1 Qxd1 19. Rfxd1 Bd7 20. b4 Nc4 21. Bf2
Na3 22. Rb3 cxb4 23. Rxb4 b5 {Game drawn by mutual agreement} 1/2-1/2

[Event "Team 45 45 League T44"]
[Site "Internet Chess Club"]
[Date "2010.03.14"]
[Round "6"]
[White "Zumbi"]
[Black "SuperPeon"]
[Result "0-1"]
[WhiteElo "1983"]
[BlackElo "2085"]
[Opening "Pirc defense"]
[ECO "B07"]
[Time "21:23:52"]
[TimeControl "2700+45"]

1. e4 d6 2. d4 Nf6 3. Nc3 g6 4. Be3 Bg7 5. Qd2 c6 6. f3 b5 7. g4 a5 8. Bh6 Bxh6
9. Qxh6 b4 10. Nce2 Ba6 11. h4 Nbd7 12. h5 Rf8 13. O-O-O Qb6 14. Bh3 O-O-O 15.
hxg6 hxg6 16. Qd2 c5 17. g5 Nh5 18. dxc5 Qxc5 19. Qd5 Kc7 20. Bg4 Qxd5 21. Rxd5
Nc5 22. Bxh5 Rh8 23. Ng3 gxh5 24. Rxh5 Rxh5 25. Nxh5 Bc4 26. Rd1 Bxa2 27. Ne2 a4
28. Nhf4 Rh8 29. Rd4 e5 30. Nd5+ Bxd5 31. Rxd5 Rh3 32. Ng1 Rg3 33. Rd1 Rxg5 34.
Ne2 Rg2 35. Kd2 Kc6 36. Ke3 Nd7 37. b3 a3 38. c3 bxc3 39. Ra1 f5 40. Nxc3 f4+
41. Kd3 Nc5+ 42. Kc4 Rf2 43. Rxa3 Rxf3 44. Ra7 Re3 45. b4 Nxe4 46. b5+ Kb6 47.
Ra6+ Kb7 48. Nd5 Re1 49. Rb6+ Kc8 50. Rc6+ Kd7 51. Rc7+ Ke6 52. b6 Nd2+ 53. Kd3
Kxd5 54. Kxd2 Rb1 55. b7 Kd4 56. Kc2 Rb6 57. Kd2 d5 58. Rf7 Ke4 59. Kc3 d4+ 60.
Kc4 Rb1 61. Kc5 d3 62. Kc6 d2 63. Rd7 Ke3 64. Rd5 e4 65. Rb5 Rxb5 66. Kxb5 d1=R
67. b8=Q Rb1+ {White resigns} 0-1

[Event "Team 45 45 League T44"]
[Site "Internet Chess Club"]
[Date "2010.03.14"]
[Round "6"]
[White "andretta"]
[Black "TimM"]
[Result "1/2-1/2"]
[WhiteElo "2340"]
[BlackElo "2255"]
[Opening "English opening"]
[ECO "D74"]
[Time "20:00:11"]
[TimeControl "2700+45"]

1. c4 Nf6 2. Nf3 g6 3. g3 Bg7 4. Bg2 O-O 5. d4 d5 6. cxd5 Nxd5 7. Nc3 Nb6 8. O-O
Nc6 9. d5 Na5 10. e4 c6 11. Bg5 cxd5 12. Nxd5 Nxd5 13. exd5 Bxb2 14. Re1 Bf6 15.
Bxf6 exf6 16. d6 Nc4 17. Qd4 Be6 18. Rxe6 fxe6 19. Qxc4 Qxd6 20. Nd4 Rfc8 21.
Qxe6+ Qxe6 22. Nxe6 Rab8 23. Bd5 Kh8 24. Bb3 b5 25. Rd1 a5 26. Nf4 Rd8 27. Ra1
{Game drawn by mutual agreement} 1/2-1/2

[Event "Team 45 45 League T44"]
[Site "Internet Chess Club"]
[Date "2010.03.12"]
[Round "6"]
[White "Oops"]
[Black "Positron"]
[Result "1-0"]
[WhiteElo "2144"]
[BlackElo "2154"]
[Opening "Robatsch (modern) defense"]
[ECO "B06"]
[Time "17:10:06"]
[TimeControl "2700+45"]

1. e4 g6 2. d4 Bg7 3. Nf3 c6 4. Nc3 d5 5. h3 dxe4 6. Nxe4 Nf6 7. Nxf6+ Bxf6 8.
Bc4 Bf5 9. O-O Be4 10. c3 Bd5 11. Bb3 O-O 12. Re1 e6 13. Ne5 Nd7 14. c4 Bxg2 15.
Kxg2 c5 16. Nxd7 Qxd7 17. dxc5 Qc7 18. Qf3 Bg7 19. Rb1 Qxc5 20. Qxb7 Rfb8 21.
Qf3 a5 22. Be3 Qb4 23. Bf4 Rd8 24. a3 Qb6 25. Ba4 Qc5 26. Bb5 a4 27. Red1 Qf5
28. Bxa4 Rxd1 29. Qxa8+ Bf8 30. Bh6 Qc5 31. Rxd1 {Black resigns} 1-0

[Event "Team 45 45 League T44"]
[Site "Internet Chess Club"]
[Date "2010.03.12"]
[Round "6"]
[White "YoniKer"]
[Black "Reztap108"]
[Result "1-0"]
[WhiteElo "2090"]
[BlackElo "2047"]
[Opening "Sicilian defense"]
[ECO "B40"]
[Time "11:09:18"]
[TimeControl "2700+45"]

1. e4 c5 2. Nf3 e6 3. Be2 Nc6 4. c4 d6 5. O-O Nf6 6. Nc3 Be7 7. d4 cxd4 8. Nxd4
O-O 9. Be3 a6 10. Qd2 Bd7 11. Rfd1 Qc7 12. Rac1 Rac8 13. f4 Rfd8 14. b3 Be8 15.
Bf3 h5 16. Qe2 Qa5 17. Qf2 Nd7 18. Nce2 Bf6 19. Rc2 g6 20. Nxc6 Rxc6 21. e5 dxe5
22. Bxc6 bxc6 23. fxe5 Qxe5 24. Rcd2 Bg7 25. Bd4 Qc7 26. Bxg7 Kxg7 27. Qd4+ Kg8
28. Nc3 Rb8 29. Ne4 Qe5 30. Qxe5 Nxe5 31. Rd8 {Black resigns} 1-0

[Event "Team 45 45 League T44"]
[Site "Internet Chess Club"]
[Date "2010.03.14"]
[Round "6"]
[White "DaMaGor"]
[Black "xakelari"]
[Result "0-1"]
[WhiteElo "1991"]
[BlackElo "2073"]
[Opening "English: Wimpey system"]
[ECO "A13"]
[Time "11:01:49"]
[TimeControl "2700+45"]

1. c4 e6 2. Nf3 d5 3. e3 Nf6 4. b3 c5 5. Bb2 Nc6 6. cxd5 exd5 7. d4 cxd4 8. Nxd4
Bb4+ 9. Nd2 Nxd4 10. exd4 Ne4 11. Bb5+ Kf8 12. O-O Bxd2 13. Ba3+ Kg8 14. Bd3 Ba5
15. b4 Bb6 16. Re1 Nf6 17. b5 Be6 18. Bc2 Rc8 19. Rc1 g6 20. f4 Rc4 21. Bb2 Qd7
22. Qf3 Bxd4+ 23. Bxd4 Rxd4 24. Re3 Kg7 {White resigns} 0-1

[Event "Team 45 45 League T44"]
[Site "Internet Chess Club"]
[Date "2010.03.12"]
[Round "6"]
[White "Ser-Enigma"]
[Black "pentti63"]
[Result "1/2-1/2"]
[WhiteElo "2165"]
[BlackElo "2215"]
[Opening "Sicilian: Canal-Sokolsky (Nimzovich-Rossolimo, Moscow) attack"]
[ECO "B51"]
[Time "12:05:49"]
[TimeControl "2700+45"]

1. e4 c5 2. Nf3 d6 3. Bb5+ Nd7 4. O-O Nf6 5. Re1 a6 6. Bf1 g6 7. c3 Bg7 8. d4
cxd4 9. cxd4 O-O 10. Nc3 b5 11. a3 Bb7 12. h3 h6 13. e5 Nd5 14. exd6 exd6 15.
Ne4 N7b6 16. b3 f5 17. Ng3 Qf6 18. Bb2 Rfe8 19. Qd2 Qf7 20. a4 Nf6 21. axb5 Ne4
22. Nxe4 fxe4 23. bxa6 exf3 24. axb7 Qxb7 25. Bd3 Rxa1 26. Bxa1 Rf8 27. Be4 Qf7
28. Bxf3 Qxb3 29. Be4 Kh7 30. Rb1 Nc4 31. Qxh6+ Kxh6 32. Rxb3 Re8 33. Bd3 Re1+
34. Kh2 Rxa1 35. Bxc4 Bxd4 36. Kg3 Be5+ 37. f4 Bd4 38. Rb7 Ra7 39. Rxa7 Bxa7 40.
f5 gxf5 41. Kf4 Bf2 42. Kxf5 Bg3 43. Kg4 Be1 44. h4 d5 45. Bxd5 Bf2 46. Be4 Be1
47. Kh3 Bd2 48. g4 Bf4 49. Kg2 Bd2 50. Kf2 Bc1 51. Kf3 Bd2 52. Bf5 Be1 53. h5
Bd2 54. Ke4 Bg5 55. Ke5 Bc1 56. Kf6 Bg5+ 57. Kf7 Bc1 58. Ke6 {Game drawn by
mutual agreement} 1/2-1/2

[Event "Team 45 45 League T44"]
[Site "Internet Chess Club"]
[Date "2010.03.15"]
[Round "6"]
[White "NFork"]
[Black "jorobo"]
[Result "1-0"]
[WhiteElo "2357"]
[BlackElo "2136"]
[Opening "Ruy Lopez: closed, Keres (...Nd7) defense"]
[ECO "C96"]
[Time "07:16:36"]
[TimeControl "2700+45"]

1. e4 e5 2. Nf3 Nc6 3. Bb5 a6 4. Ba4 Nf6 5. O-O Be7 6. Re1 b5 7. Bb3 d6 8. c3
O-O 9. h3 Na5 10. Bc2 c5 11. d4 Nd7 12. Nbd2 exd4 13. cxd4 Nc6 14. dxc5 Nxc5 15.
Nb3 Bf6 16. e5 Nxb3 17. exf6 Nxa1 18. Be4 d5 19. Bxd5 Qxf6 20. Bg5 Qg6 21. Qxa1
Bd7 22. Qc1 Rae8 23. Rd1 Ne5 24. Nh4 Qb6 25. Be3 Qb8 26. Bc5 Rc8 27. Qe3 Rfe8
28. Qd4 Bc6 29. Nf5 Bxd5 30. Bd6 Qb7 31. Bxe5 f6 32. Bxf6 {Black forfeits on
time} 1-0

[Event "Team 45 45 League T44"]
[Site "Internet Chess Club"]
[Date "2010.03.14"]
[Round "6"]
[White "TerryMalloy"]
[Black "pebble767"]
[Result "0-1"]
[WhiteElo "1968"]
[BlackElo "2097"]
[Opening "KGA: Fischer defense"]
[ECO "C34"]
[Time "12:09:27"]
[TimeControl "2700+45"]

1. e4 e5 2. f4 exf4 3. Nf3 d6 4. Bc4 h6 5. O-O Nf6 6. d4 Be7 7. Bxf4 O-O 8. Nc3
Nxe4 9. Nxe4 d5 10. Bd3 dxe4 11. Bxe4 Bf6 12. c3 c6 13. Qb3 Qb6 14. Qc2 Re8 15.
Rae1 Be6 16. Qd2 Nd7 17. Bxh6 gxh6 18. Qxh6 Bg7 19. Qh7+ Kf8 20. Ng5 Qd8 21.
Nxf7 Bxf7 22. Rxf7+ Kxf7 23. Bg6+ Kf8 24. Rxe8+ Qxe8 25. Bxe8 Rxe8 26. Qf5+ Nf6
27. g4 Kg8 28. h4 Nd5 29. g5 Re1+ 30. Kf2 Rf1+ 31. Kxf1 Ne3+ {White resigns} 0-1

[Event "Team 45 45 League T44"]
[Site "Internet Chess Club"]
[Date "2010.03.18"]
[Round "6"]
[White "freestyle"]
[Black "f5"]
[Result "1/2-1/2"]
[WhiteElo "2276"]
[BlackElo "2142"]
[Opening "Ruy Lopez: Wormald (Alapin) attack"]
[ECO "C77"]
[Time "18:42:24"]
[TimeControl "2700+45"]

1. e4 e5 2. Nf3 Nc6 3. Bb5 a6 4. Ba4 Nf6 5. Qe2 b5 6. Bb3 Be7 7. c3 O-O 8. d4 d6
9. h3 exd4 10. cxd4 d5 11. e5 Ne4 12. Nbd2 Bf5 13. O-O Na5 14. Rd1 Nc4 15. Nxe4
Bxe4 16. Bc2 {Game drawn by mutual agreement} 1/2-1/2

[Event "Team 45 45 League T44"]
[Site "Internet Chess Club"]
[Date "2010.03.13"]
[Round "6"]
[White "chiiwen"]
[Black "egyptiantiger"]
[Result "1-0"]
[WhiteElo "2170"]
[BlackElo "2143"]
[Opening "Sicilian: Najdorf, Opocensky variation"]
[ECO "B92"]
[Time "15:38:04"]
[TimeControl "2700+45"]

1. e4 c5 2. Nf3 d6 3. d4 cxd4 4. Nxd4 Nf6 5. Nc3 a6 6. Be2 e5 7. Nb3 Be6 8. O-O
Be7 9. f4 O-O 10. f5 Bxb3 11. axb3 b5 12. Bg5 Nbd7 13. Bxf6 Nxf6 14. Nd5 Nxd5
15. Qxd5 Qb6+ 16. Kh1 Rac8 17. c4 Qe3 18. Qd3 Qb6 19. cxb5 axb5 20. Qxb5 Qd4 21.
Bc4 Qxe4 22. Qd7 Qh4 23. f6 Bxf6 24. Qxd6 Rcd8 25. Qc7 Qg4 26. h3 Qh5 27. Qb7 h6
28. Rf2 Rd1+ 29. Rxd1 Qxd1+ 30. Rf1 Qd4 31. Ra1 e4 32. Re1 e3 33. Qf3 Bg5 34. g3
Kh8 35. Re2 Qd1+ 36. Kg2 Rd8 37. h4 Bf6 38. Qxe3 Bd4 39. Qf3 Qg1+ 40. Kh3 Bf6
41. Bxf7 Qa7 42. Re8+ Rxe8 43. Bxe8 Qe7 44. Bg6 Qd7+ 45. Bf5 Qe8 46. b4 g6 47.
Bg4 Qe7 48. h5 gxh5 49. Bxh5 Bxb2 50. b5 Qd7+ 51. Bg4 Qxb5 52. Qf8+ {Black
resigns} 1-0

[Event "Team 45 45 League T44"]
[Site "Internet Chess Club"]
[Date "2010.03.13"]
[Round "6"]
[White "chess9793"]
[Black "Pason"]
[Result "1-0"]
[WhiteElo "1992"]
[BlackElo "2089"]
[Opening "Sicilian: Boleslavsky variation, 7.Nb3"]
[ECO "B59"]
[Time "13:00:18"]
[TimeControl "2700+45"]

1. e4 c5 2. Nf3 d6 3. d4 cxd4 4. Nxd4 Nf6 5. Nc3 Nc6 6. Be2 e5 7. Nb3 Be6 8. O-O
d5 9. exd5 Nxd5 10. Nxd5 Qxd5 11. Qxd5 Bxd5 12. Be3 O-O-O 13. Rad1 Be7 14. f4
Be4 15. c3 Rxd1 16. Rxd1 b6 17. fxe5 Nxe5 18. Bf4 Bf6 19. Re1 Re8 20. Bb5 Nc6
21. Nd2 g5 22. Nxe4 {Black resigns} 1-0

[Event "Team 45 45 League T44"]
[Site "Internet Chess Club"]
[Date "2010.03.12"]
[Round "6"]
[White "Ivio"]
[Black "parrot9"]
[Result "1/2-1/2"]
[WhiteElo "1792"]
[BlackElo "1718"]
[Opening "QGD semi-Slav"]
[ECO "D43"]
[Time "15:36:22"]
[TimeControl "2700+45"]

1. d4 d5 2. Nf3 Nf6 3. c4 c6 4. Nc3 e6 5. Bg5 Nbd7 6. Ne5 Be7 7. Nxd7 Nxd7 8.
Bxe7 Qxe7 9. e3 O-O 10. c5 e5 11. Be2 exd4 12. exd4 Nf6 13. O-O Bf5 14. Re1 Qd7
15. Bd3 Rfe8 16. Qd2 Bxd3 17. Qxd3 Rxe1+ 18. Rxe1 Re8 19. Rxe8+ Qxe8 20. Kf1 h5
21. f3 Qb8 22. g3 h4 23. Kf2 hxg3+ 24. hxg3 Nh5 25. Ne2 Qc8 26. g4 Nf6 27. Ng3
Qe6 28. Nf5 g6 29. Nh4 Nh7 30. Qd2 Qf6 31. Kg3 Ng5 32. Qf4 Qe7 33. Ng2 Ne6 34.
Qe5 Kh7 35. f4 f6 36. Qe3 Qf7 37. Nh4 b6 38. b4 g5 39. Qd3+ Kg8 40. fxg5 Nxg5
41. Nf5 Qc7+ 42. Kg2 Qf4 43. Nh6+ Kg7 44. Nf5+ Kf8 45. Qe2 Ne4 46. a4 bxc5 47.
bxc5 a5 48. Kg1 Qc1+ 49. Kg2 Qf4 50. Kg1 Qc1+ 51. Kg2 Qf4 {Game drawn by
repetition} 1/2-1/2

[Event "Team 45 45 League T44"]
[Site "Internet Chess Club"]
[Date "2010.03.13"]
[Round "6"]
[White "Invicta-Knight"]
[Black "Magagna"]
[Result "0-1"]
[WhiteElo "1525"]
[BlackElo "1825"]
[Opening "King's pawn game"]
[ECO "C21"]
[Time "12:00:15"]
[TimeControl "2700+45"]

1. e4 e5 2. d4 d6 3. dxe5 dxe5 4. Qxd8+ Kxd8 5. Nc3 c6 6. Nf3 Bd6 7. Be3 h6 8.
O-O-O Kc7 9. Nd2 b5 10. Ne2 Be6 11. f4 f6 12. Nb3 Nd7 13. h3 a5 14. g4 g5 15. f5
Bf7 16. Kb1 Ne7 17. Ng3 h5 18. Be2 h4 19. Nf1 Rhb8 20. Rh2 Nc8 21. Nfd2 Ncb6 22.
Bxb6+ Nxb6 23. Nc1 Na4 24. c4 bxc4 25. Nxc4 Bxc4 26. Bxc4 Nc3+ {White resigns}
0-1

[Event "Team 45 45 League T44"]
[Site "Internet Chess Club"]
[Date "2010.03.15"]
[Round "6"]
[White "EminenceFront"]
[Black "dscvdchk"]
[Result "0-1"]
[WhiteElo "1386"]
[BlackElo "1548"]
[Opening "KGA: Blachly gambit"]
[ECO "C37"]
[Time "15:38:13"]
[TimeControl "2700+45"]

1. e4 e5 2. f4 exf4 3. Nf3 g5 4. Bc4 Nc6 5. h4 g4 6. Ng5 Ne5 7. d3 Nxc4 8. dxc4
f6 9. Qd4 c5 10. Qc3 Bd6 11. Rf1 Be5 {White resigns} 0-1

[Event "Team 45 45 League T44"]
[Site "Internet Chess Club"]
[Date "2010.03.16"]
[Round "6"]
[White "Rookmaster"]
[Black "cknights"]
[Result "1/2-1/2"]
[WhiteElo "1765"]
[BlackElo "1828"]
[Opening "Sicilian, Chekhover variation"]
[ECO "B53"]
[Time "22:02:02"]
[TimeControl "2700+45"]

1. e4 c5 2. Nf3 d6 3. d4 cxd4 4. Qxd4 Nc6 5. Bb5 a6 6. Bxc6+ bxc6 7. Bg5 h6 8.
Bh4 Bb7 9. Nc3 Qc7 10. Rd1 Nf6 11. O-O e5 12. Qd2 Be7 13. Bxf6 gxf6 14. Nh4 h5
15. Nf5 Kd7 16. Na4 c5 17. Nc3 Rag8 18. Nd5 Bxd5 19. Qxd5 Rh7 20. Rd3 Rd8 21.
Rb3 Rb8 22. Rxb8 Qxb8 23. Nxe7 Kxe7 24. Rd1 Qb6 25. Rd3 h4 26. Rb3 Qa5 27. Rb7+
Kf8 28. Qxd6+ Kg7 29. Qd1 Qxa2 30. Qg4+ Kf8 31. Rb8+ Ke7 32. Rb7+ Kf8 33. h3
Qb1+ 34. Kh2 Qxc2 35. Qf5 Kg7 36. Rb8 Qe2 37. Qc8 Qxf2 38. Qg8+ Kh6 39. Qf8+ Kh5
40. Rb3 Qf4+ 41. Kg1 Qxe4 42. Rf3 Qd4+ 43. Kh2 Kg6 44. Qc8 e4 45. Qg4+ Kh6 46.
Qxh4+ Kg7 47. Rg3+ Kh8 48. Qg4 Qd8 49. Qxe4 Qb8 50. Qg4 a5 51. Kh1 f5 52. Qg5
Qf8 53. Qxf5 f6 54. Rg6 Rf7 55. Qf4 f5 56. Rh6+ Kg8 57. Qh4 Qg7 58. Qd8+ Rf8 59.
Qh4 Rf7 60. Rh5 Qxb2 61. Qd8+ Rf8 62. Rg5+ Kh7 63. Qe7+ Kh6 64. Qxf8+ Kxg5 65.
Qd8+ Qf6 66. Qxa5 Qc6 67. Qd8+ Kf4 68. Qd2+ Kg3 69. Qe3+ Kh4 70. Qf4+ Kh5 71.
Qxf5+ Kh6 72. Qf4+ Kg6 73. Qg4+ Kh6 74. Qh4+ Kg6 75. Qg4+ Kh6 76. Qc4 Kg5 77.
Kg1 Qd6 78. Kf2 Qd2+ 79. Qe2 Qf4+ 80. Ke1 Qc1+ 81. Kf2 Qf4+ 82. Qf3 Qd2+ 83. Kg1
Qc1+ {Game drawn by mutual agreement} 1/2-1/2

[Event "Team 45 45 League T44"]
[Site "Internet Chess Club"]
[Date "2010.03.12"]
[Round "6"]
[White "achessfool"]
[Black "Timotheous"]
[Result "0-1"]
[WhiteElo "1524"]
[BlackElo "1646"]
[Opening "Sicilian: accelerated fianchetto, modern variation"]
[ECO "B34"]
[Time "09:00:57"]
[TimeControl "2700+45"]

1. e4 c5 2. Nf3 Nc6 3. d4 cxd4 4. Nxd4 g6 5. Nc3 Bg7 6. g3 Nxd4 7. Bf4 Nc6 8.
Nd5 d6 9. Bb5 a6 10. Ba4 b5 11. Bb3 Bxb2 12. Rb1 Bg7 13. a4 Nf6 14. Ne3 O-O 15.
O-O Nxe4 16. Bd5 Nc3 {White resigns} 0-1

[Event "Team 45 45 League T44"]
[Site "Internet Chess Club"]
[Date "2010.03.13"]
[Round "6"]
[White "John3v16"]
[Black "BishopMike"]
[Result "1-0"]
[WhiteElo "1664"]
[BlackElo "1525"]
[Opening "Ruy Lopez: modern Steinitz defense"]
[ECO "C71"]
[Time "12:03:18"]
[TimeControl "2700+45"]

1. e4 e5 2. Nf3 Nc6 3. Bb5 a6 4. Ba4 d6 5. d4 exd4 6. Nxd4 Bd7 7. c3 Nf6 8. O-O
Be7 9. Re1 O-O 10. Nxc6 bxc6 11. c4 Rb8 12. Bf4 Rxb2 13. Bb3 Rxb3 14. axb3 Qc8
15. e5 dxe5 16. Bxe5 Ng4 17. Bxg7 Kxg7 18. Rxe7 Be6 19. Qd4+ Kg8 20. Nc3 Rd8 21.
Qa7 Rd3 22. Rc1 Rd2 23. Qxc7 Qa8 24. Rd1 Rxd1+ 25. Nxd1 Nf6 26. Ne3 Ne8 27. Qa7
Qd8 28. Qc5 h6 29. Ra7 Qb8 30. Rxa6 Qxb3 31. Ra8 Bd7 32. Qe7 Qd3 33. Rd8 Qb1+
34. Nf1 Be6 35. Qxe8+ Kg7 36. Qh8+ Kg6 {Black resigns} 1-0

[Event "Team 45 45 League T44"]
[Site "Internet Chess Club"]
[Date "2010.03.12"]
[Round "6"]
[White "TheronUAL"]
[Black "Fisherman77"]
[Result "0-1"]
[WhiteElo "1488"]
[BlackElo "1383"]
[Opening "Scandinavian (center counter) defense"]
[ECO "B01"]
[Time "20:00:49"]
[TimeControl "2700+45"]

1. e4 d5 2. exd5 Qxd5 3. Nc3 Qa5 4. Nf3 Bg4 5. d4 Nc6 6. Bc4 e6 7. O-O Qh5 8. d5
O-O-O 9. Be2 Bd6 10. g3 exd5 11. Nd4 Bxe2 12. Ndxe2 Qh3 13. Nf4 Bxf4 14. Bxf4 h5
15. Nb5 Nf6 16. Qf3 h4 17. Qg2 Qg4 18. f3 h3 19. fxg4 hxg2 20. Kxg2 Nxg4 21. h3
Nge5 22. Bxe5 Nxe5 23. Nxa7+ Kb8 24. Nb5 d4 25. Rad1 d3 26. cxd3 c6 27. Nc3 f6
28. d4 Nc4 29. b3 Ne3+ 30. Kg1 Nxf1 31. Kxf1 Rxh3 32. Kg2 Rh5 33. Ne2 g5 34. g4
Rh4 35. Kg3 Rdh8 36. d5 cxd5 37. Rxd5 Rh3+ 38. Kf2 Rh2+ 39. Ke3 Re8+ 40. Kd4
Rhxe2 41. Kc5 R8e5 42. Rxe5 Rxe5+ 43. Kd4 Kc7 44. a3 b6 45. a4 Kd6 46. b4 f5 47.
gxf5 Rxf5 48. Ke4 Rf8 49. Kd4 g4 50. Kc4 g3 {White resigns} 0-1

[Event "Team 45 45 League T44"]
[Site "Internet Chess Club"]
[Date "2010.03.12"]
[Round "6"]
[White "andrew28"]
[Black "gerailen0075"]
[Result "1/2-1/2"]
[WhiteElo "1672"]
[BlackElo "1854"]
[Opening "French: Fort Knox variation"]
[ECO "C10"]
[Time "17:02:26"]
[TimeControl "2700+45"]

1. e4 e6 2. d4 d5 3. Nc3 dxe4 4. Nxe4 Bd7 5. Nf3 Bc6 6. Bd3 Nd7 7. O-O Ngf6 8.
Neg5 h6 9. Nxe6 fxe6 10. Bg6+ Ke7 11. b3 Bxf3 12. Ba3+ c5 13. Qxf3 Qa5 14. Bxc5+
Nxc5 15. dxc5 Qc7 16. Rfe1 Qc6 17. Qxc6 bxc6 18. Bf5 Kd8 19. Rxe6 Kc7 20. b4 Rd8
21. Rae1 Rd4 22. a3 Rf4 23. Bg6 Rg4 24. Bf5 Rf4 25. Bg6 Rg4 26. Bf5 {Game drawn
by mutual agreement} 1/2-1/2

[Event "Team 45 45 League T44"]
[Site "Internet Chess Club"]
[Date "2010.03.14"]
[Round "6"]
[White "ILRE"]
[Black "Andressa"]
[Result "1/2-1/2"]
[WhiteElo "1479"]
[BlackElo "1549"]
[Opening "Ruy Lopez: old Steinitz defense"]
[ECO "C62"]
[Time "10:00:08"]
[TimeControl "2700+45"]

1. e4 e5 2. Nf3 Nc6 3. Bb5 d6 4. d4 a6 5. Bc4 Be7 6. O-O Nxd4 7. Nxd4 exd4 8.
Qxd4 Nf6 9. Nc3 c5 10. Qd1 b5 11. Bd5 Nxd5 12. Nxd5 O-O 13. Nxe7+ Qxe7 14. Re1
Bb7 15. f3 Rfe8 16. Bf4 Rad8 17. Qd2 Qf6 18. Bg5 Qxb2 19. Bxd8 Rxd8 20. Qf2 g6
21. h4 Qe5 22. f4 Qc3 23. Rab1 Bc6 24. f5 Kg7 25. Rb3 Qf6 26. fxg6 fxg6 27.
Qxf6+ Kxf6 28. Rf3+ Kg7 29. Rf4 b4 30. e5 dxe5 31. Rxe5 Bd5 32. Re7+ Kh6 33. Ra7
Bxa2 34. Rxa6 Bb1 35. Rc6 Rd5 36. Rc4 Rd1+ 37. Kh2 b3 38. cxb3 Ba2 39. R4xc5
Bxb3 40. Rc7 Rd2 41. Rc3 Be6 42. Re7 Bd5 43. Rg3 Rd4 44. Ree3 Rxh4+ 45. Rh3
Rxh3+ 46. Kxh3 Kg7 47. g3 h5 48. Kh4 Kh6 49. Re5 Bf3 50. Re6 Bg4 51. Rd6 Bf5 52.
Rb6 Bg4 53. Rf6 Bf5 54. Rb6 Bg4 55. Rd6 Bf5 56. Rf6 {Game drawn by mutual
agreement} 1/2-1/2

[Event "Team 45 45 League T44"]
[Site "Internet Chess Club"]
[Date "2010.03.13"]
[Round "6"]
[White "KnightofMercy"]
[Black "BrandonBee"]
[Result "1-0"]
[WhiteElo "1691"]
[BlackElo "1485"]
[Opening "English: Anglo-Dutch defense"]
[ECO "A10"]
[Time "10:04:26"]
[TimeControl "2700+45"]

1. c4 f5 2. g3 Nf6 3. Bg2 g6 4. Nc3 Bg7 5. d3 O-O 6. e4 d6 7. Nge2 c6 8. O-O Na6
9. exf5 Bxf5 10. h3 Nc5 11. d4 Nce4 12. g4 Nxc3 13. Nxc3 Bd7 14. Re1 Rf7 15. d5
c5 16. Bg5 Qf8 17. Qb3 b6 18. Re2 h6 19. Bh4 g5 20. Bg3 h5 21. gxh5 Nxh5 22. Ne4
Bh6 23. Rae1 g4 24. h4 Nf4 25. Bxf4 Bxf4 26. Ng5 Bxg5 27. hxg5 Qg7 28. Qe3 Re8
29. Be4 e5 30. dxe6 Bxe6 31. g6 Rfe7 32. Qd3 Qd4 33. Qxd4 cxd4 34. Bd5 Kg7 35.
Bxe6 Kxg6 36. Bxg4 Kf6 37. Rxe7 Rxe7 38. Rxe7 Kxe7 39. Kf1 Kf6 40. Ke2 Ke5 41.
Kd3 d5 42. cxd5 Kxd5 43. f4 {Black resigns} 1-0

[Event "Team 45 45 League T44"]
[Site "Internet Chess Club"]
[Date "2010.03.13"]
[Round "6"]
[White "blizzard13"]
[Black "Juan73"]
[Result "0-1"]
[WhiteElo "1393"]
[BlackElo "1642"]
[Opening "Evans gambit"]
[ECO "C52"]
[Time "08:03:19"]
[TimeControl "2700+45"]

1. e4 e5 2. Nf3 Nc6 3. Bc4 Bc5 4. b4 Bxb4 5. c3 Ba5 6. Qb3 Qf6 7. O-O Bb6 8. Be2
d6 9. d3 h6 10. h3 g5 11. g4 h5 12. Bxg5 Qg6 13. Nxe5 Nxe5 14. d4 hxg4 15. h4
Nf3+ 16. Bxf3 gxf3 17. Nd2 Rxh4 18. Nxf3 Rg4+ 19. Kh1 Qh5+ 20. Nh2 Rxg5 21. Rg1
Bh3 22. Rxg5 Qxg5 23. Rg1 Qf4 24. Rxg8+ Ke7 25. Rg3 Rh8 26. Qc2 c5 27. Kg1 Bd7
28. Kg2 cxd4 29. Nf3 dxc3 30. Qxc3 Qh6 31. Kf1 Qh1+ 32. Ke2 Bb5+ 33. Kd2 Qh6+
34. Ke1 Ba5 {White resigns} 0-1

[Event "Team 45 45 League T44"]
[Site "Internet Chess Club"]
[Date "2010.03.15"]
[Round "6"]
[White "Kingangyal"]
[Black "Eyechess"]
[Result "0-1"]
[WhiteElo "1468"]
[BlackElo "1654"]
[Opening "Queen's pawn: London system"]
[ECO "A45"]
[Time "19:38:53"]
[TimeControl "2700+45"]

1. d4 Nf6 2. Bf4 g6 3. e3 Bg7 4. Nf3 O-O 5. c3 d6 6. Be2 Nc6 7. O-O Nd7 8. d5
Nce5 9. Qb3 Nxf3+ 10. Bxf3 Nc5 11. Qc2 e5 12. dxe6 fxe6 13. Nd2 e5 14. Bg3 Kh8
15. Ne4 Nxe4 16. Qxe4 Bf5 17. Qc4 Rb8 18. Rfd1 Qe7 19. Be4 Bd7 20. Qxc7 Rfd8 21.
Qc4 Rdc8 22. Qd3 d5 23. Bxd5 Rd8 24. Qe4 Bf5 25. Qf3 e4 26. Qe2 Rbc8 27. Bxb7
Qxb7 28. Rd2 Rxd2 29. Qxd2 Qd7 30. Qc2 Rd8 31. Bh4 Qd3 32. Qb3 Be6 33. Qa4 Rd7
34. h3 Qc4 35. Qc2 Rd3 36. Kh2 Be5+ 37. g3 Qd5 38. Qa4 Rd2 39. Qe8+ Bg8 40. Qf8
Qf7 41. Qc5 Qxf2+ {White resigns} 0-1